 Dungeon Crawl Stone Soup version 0.17.1-3-g152610e (webtiles) character file.

2058 Glider the Spear-Bearer (level 9, -1/69 HPs)
             Began as a Merfolk Gladiator on Mar 10, 2016.
             Shot with an arrow of flame by a centaur (5 damage)
             ... on level 7 of the Dungeon.
             The game lasted 00:23:18 (6710 turns).

Glider the Spear-Bearer (Merfolk Gladiator)         Turns: 6710, Time: 00:23:20

Health: -1/69      AC:  6    Str: 15    XL:     9   Next: 25%
Magic:  9/9        EV: 15    Int: 10    God:
Gold:   237        SH:  0    Dex: 15    Spells: 2 memorised, 5 levels left

rFire  . . .     SeeInvis .     a - +1 trident
rCold  . . .     Clarity  .     y - +0 leather armour (curse)
rNeg   . . .     SustAt   .     (no shield)
rPois  .         Gourm    .     c - +0 helmet
rElec  .         Spirit   .     (no cloak)
rCorr  .         Warding  .     j - +0 pair of gloves
rMut   .         Stasis   .     E - +0 pair of boots
MR     .....                    x - amulet of regeneration
Stlth  +.........               (no ring)
                                (no ring)

@: slowed, very slow, not resistant to hostile enchantments, very unstealthy
A: change form in water, swift swim
a: no special abilities


You were on level 7 of the Dungeon.
You were not hungry.

You visited 1 branch of the dungeon, and saw 7 of its levels.

You collected 237 gold pieces.

Inventory:

Hand Weapons
 a - a +1 trident (weapon)
Missiles
 d - 6 throwing nets (quivered)
Armour
 c - a +0 helmet (worn)
 j - a +0 pair of gloves (worn)
 y - a cursed +0 leather armour (worn)
 E - a +0 pair of boots (worn)
Jewellery
 x - an amulet of regeneration (around neck)
Scrolls
 g - a scroll of teleportation {unknown}
 h - a scroll of blinking {unknown}
 l - 3 scrolls of enchant weapon
 p - a scroll of random uselessness {unknown}
 r - 2 scrolls of immolation {unknown}
 w - a scroll of amnesia {unknown}
 C - a scroll of magic mapping {unknown}
Potions
 b - a potion of cure mutation {unknown}
 f - 2 potions of flight
 i - 2 potions of heal wounds
 o - a potion of might
 s - 2 potions of haste
 u - 2 potions of resistance {unknown}
 z - a potion of beneficial mutation {unknown}
 A - a potion of cancellation {unknown}
 B - a potion of lignification
Books
 t - a book of Frost

   Spells                             Type                      Level
   a - Freeze                         Ice                          1
   b - Throw Frost                    Conjuration/Ice              2
   c - Ozocubu's Armour               Charms/Ice                   3
   d - Throw Icicle                   Conjuration/Ice              4
   e - Summon Ice Beast               Ice/Summoning                4
   f - Condensation Shield            Ice                          4
Comestibles
 e - 8 bread rations
 k - 3 fruits
 m - a beef jerky
 n - a meat ration
 v - 2 slices of pizza
 D - 2 chunks of flesh


   Skills:
 + Level 5.7 Fighting
 - Level 14.0 Polearms
 - Level 2.0 Throwing
 + Level 6.1 Dodging
 * Level 1.1 Conjurations
 * Level 1.9 Ice Magic


You had 5 spell levels left.
You knew the following spells:

 Your Spells              Type           Power        Failure   Level  Hunger
a - Freeze                Ice            #...         24%         1    ##.....
b - Throw Frost           Conj/Ice       #.....       38%         2    ###....


Dungeon Overview and Level Annotations

Branches:
Dungeon (7/15)
 Temple: D:4-7

Altars:
Makhleb
Qazlal
Ru
Trog
Xom
The Shining One

Annotations:
D:4 Gargoyl's ghost, novice DsAK
D:5 Pikel
D:7 Joseph


Message History

The wasp is severely wounded.
You feel sick. The wasp stings you!
You feel as though you will be slow longer.
You puncture the wasp!
You kill the wasp!
Your Conjurations skill increases to level 1!
You feel sick.
The centaur wields an uncursed shortbow.
The centaur shoots an arrow of flame.
The arrow of flame hits you but does no damage.
The arrow of flame burns you.
Drink which item? (? for menu, Esc to quit)
You feel better.
The centaur shoots an arrow of flame.
The arrow of flame hits you! The arrow of flame burns you.
* * * LOW HITPOINT WARNING * * *
Joseph zaps a wand.
The bolt of cold hits you!
* * * LOW HITPOINT WARNING * * *
It is a wand of cold.
The centaur shoots an arrow of flame.
The arrow of flame hits you.
You die...

♣....♣♣
♣♣♣♣..♣♣
♣♣..♣ ♣♣♣..♣♣
♣♣♣♣....♣
♣♣♣.....♣♣♣
♣♣....♣♣♣♣
♣♣♣♣...♣♣♣
♣.♣♣♣♣c(@.♣♣♣
♣....@♣♣♣♣
♣♣♣♣...♣
♣...♣ .@...
♣..♣♣♣♣ ..♣
♣♣♣


You could see Joseph and a centaur.

Vanquished Creatures
  Menkaure (D:4)
  A sky beast (D:5)
  A centaur (D:7)
  An ice beast (D:5)
  A wasp (D:7)
  2 ogres
  3 giant frogs (D:6)
  A water moccasin skeleton (D:5)
  A wight (D:7)
  2 crimson imps (D:6)
  5 hounds
  An orc wizard (D:5)
  A jelly (D:3)
  3 orc priests
  Jessica (D:3)
  Terence (D:3)
  2 iguanas
  8 worker ants
  A hound zombie (D:5)
  4 gnolls (D:2)
  7 adders
  3 oozes
  An adder skeleton (D:4)
  An adder zombie (D:7)
  A giant gecko (D:6)
  20 orcs
  6 bats
  7 giant cockroaches
  9 goblins
  12 hobgoblins
  3 jackals
  3 kobolds
  A ball python (D:4)
  A giant gecko skeleton (D:4)
  6 giant newts
  A jackal skeleton (D:6)
  3 quokkas
  A quokka zombie (D:6)
  6 rats
133 creatures vanquished.

Vanquished Creatures (others)
  The ghost of Sanvar the Conjurer, a novice TeAE (D:6)
1 creature vanquished.

Grand Total: 134 creatures vanquished

Notes
Turn   | Place    | Note
--------------------------------------------------------------
     0 | D:1      | Glider the Merfolk Gladiator began the quest for the Orb.
     0 | D:1      | Reached XP level 1. HP: 16/16 MP: 1/1
    27 | D:1      | Reached skill level 5 in Polearms
    62 | D:1      | Reached XP level 2. HP: 22/22 MP: 2/2
   283 | D:1      | Reached XP level 3. HP: 24/27 MP: 3/3
   360 | D:1      | Reached skill level 6 in Polearms
   926 | D:2      | Found a bloodstained altar of Trog.
  1161 | D:2      | Reached skill level 7 in Polearms
  1161 | D:2      | Reached XP level 4. HP: 25/33 MP: 4/4
  1774 | D:3      | Reached skill level 8 in Polearms
  1774 | D:3      | Reached XP level 5. HP: 28/38 MP: 5/5
  2391 | D:3      | Noticed Terence
  2402 | D:3      | Killed Terence
  2402 | D:3      | Reached skill level 9 in Polearms
  2475 | D:3      | Noticed Jessica
  2482 | D:3      | Killed Jessica
  2502 | D:3      | Found a stormy altar of Qazlal.
  2502 | D:3      | Found a sacrificial altar of Ru.
  2503 | D:3      | Found a bloodstained altar of Trog.
  2503 | D:3      | Found a glowing golden altar of the Shining One.
  2669 | D:4      | Reached XP level 6. HP: 28/44 MP: 6/6
  3087 | D:4      | Noticed an ogre
  3094 | D:4      | Killed an ogre
  3094 | D:4      | Reached skill level 10 in Polearms
  3127 | D:4      | Found a burning altar of Makhleb.
  3128 | D:4      | Noticed Gargoyl's ghost (novice DsAK)
  3564 | D:4      | Reached XP level 7. HP: 45/50 MP: 7/7
  3601 | D:4      | Noticed Menkaure
  3611 | D:4      | Killed Menkaure
  3611 | D:4      | Reached skill level 11 in Polearms
  3822 | D:5      | Entered Level 5 of the Dungeon
  4199 | D:5      | Learned a level 1 spell: Freeze
  4202 | D:5      | Learned a level 2 spell: Throw Frost
  4224 | D:5      | Reached skill level 12 in Polearms
  4414 | D:5      | Reached skill level 13 in Polearms
  4414 | D:5      | Reached XP level 8. HP: 24/56 MP: 8/8
  5042 | D:5      | Noticed Pikel
  5442 | D:6      | Noticed Sanvar's ghost (novice TeAE)
  5455 | D:6      | Killed Sanvar's ghost
  5626 | D:6      | Reached skill level 5 in Dodging
  6149 | D:7      | Reached skill level 5 in Fighting
  6149 | D:7      | Reached XP level 9. HP: 44/68 MP: 9/9
  6151 | D:7      | Found a shimmering altar of Xom.
  6270 | D:7      | Reached skill level 14 in Polearms
  6433 | D:7      | HP: 1/68 [ogre/giant club (19)]
  6553 | D:7      | Reached skill level 1 in Ice Magic
  6694 | D:7      | Noticed Joseph
  6700 | D:7      | Paralysed by a wasp for 3 turns
  6709 | D:7      | Reached skill level 1 in Conjurations
  6710 | D:7      | Shot with an arrow of flame by a centaur

Action                   |  1- 3 |  4- 6 |  7- 9 || total
-------------------------+-------+-------+-------++-------
Melee: Trident           |   108 |   201 |   342 ||   651
  Use: Scroll            |       |     6 |     2 ||     8
       Potion            |       |       |     6 ||     6
 Stab: Sleeping          |       |     5 |       ||     5
       Distracted        |       |     1 |       ||     1
  Eat: Chunk             |     1 |    10 |    13 ||    24
